 Dungeon Crawl Stone Soup version 0.29-a0-492-g10b964d8d7 (webtiles) character file.

Game seed: 6937314701441066553

94142 Bruhh the Alchemist (level 15, -11/161 HPs)
             Began as a Demigod Transmuter on May 27, 2022.
             Mangled by a tyrant leech (22 damage)
             ... called by a spriggan druid
             ... on level 1 of the Swamp.
             The game lasted 01:00:54 (25959 turns).

Bruhh the Alchemist (Demigod Transmuter)           Turns: 25959, Time: 01:00:55

Health: -11/161    AC: 34    Str: 11    XL:     15   Next: 20%
Magic:  31/31      EV: 16    Int: 38    God:
Gold:   1687       SH: 10    Dex: 28    Spells: 2/30 levels left

rFire   . . .      SeeInvis .     - Unarmed
rCold   + + .      Faith    .   e - +0 kite shield {AC+3}
rNeg    + . .      Spirit   .   (body armour currently unavailable)
rPois   ∞          Reflect  .   S - +2 hat {Int+3}
rElec   +          Harm     .   N - scarf {rC+ rF+}
rCorr   .          Rampage  .   (gloves currently unavailable)
Will    +....      Rage     1%  (boots currently unavailable)
Stlth   ++........              b - amulet of regeneration
HPRegen 1.16/turn               F - ring of Kegri {Ice Int+4}
MPRegen 0.22/turn               T - +6 ring of dexterity

@: statue-form (expiring), on berserk cooldown, very slow
A: slow and powerful, torment resistance 1, boosted hp, high MP 1, forlorn,
divine attributes, agile 2, berserk 1, deformed body
a: End Transformation


You were on level 1 of the Swamp.
You were a living statue of rough stone.
You visited 6 branches of the dungeon, and saw 26 of its levels.

You collected 2467 gold pieces.
You spent 780 gold pieces at shops.

Inventory:

Missiles
 W - a throwing net
Armour
 e - a +0 kite shield of protection (worn)
 l - a +1 robe of cold resistance (melded)
 m - a +0 pair of gloves (melded)
 C - a scarf of repulsion
 N - a scarf of resistance (worn)
 S - a +2 hat of intelligence (worn)
Jewellery
 a - a ring of positive energy
 b - an amulet of regeneration (around neck)
 c - an amulet of magic regeneration
 i - a ring of protection from cold
 F - the ring of Kegri (left fist) {Ice Int+4}
   (You acquired it on level 2 of the Orcish Mines)

   [ring of ice]

   It enhances your ice magic.
   Int:       It affects your intelligence (+4).
   rF:        It makes you vulnerable to fire.
   rC:        It protects you from cold.
 T - a +6 ring of dexterity (right fist)
 U - a ring of protection from cold
Wands
 r - a wand of flame (19)
 I - a wand of polymorph (22)
 L - a wand of iceblast (9)
 M - a wand of acid (5)
 Q - a wand of digging (6)
Scrolls
 f - 2 scrolls of brand weapon
 t - 2 scrolls of identify
 v - 5 scrolls of vulnerability
 x - 4 scrolls of fear
 y - 2 scrolls of fog
 A - 5 scrolls of magic mapping
 B - 7 scrolls of enchant weapon
 D - 3 scrolls of summoning
 E - 5 scrolls of enchant armour
 G - a scroll of poison
 K - a scroll of amnesia
 O - a scroll of silence
 P - a scroll of teleportation
Potions
 d - a potion of magic {unknown}
 g - 7 potions of degeneration
 h - 4 potions of might
 j - 3 potions of invisibility
 k - 2 potions of flight
 n - 7 potions of brilliance
 o - 5 potions of attraction
 p - a potion of resistance {unknown}
 q - 2 potions of lignification
 s - a potion of mutation
 u - a potion of experience {unknown}
 w - 5 potions of curing
 z - 2 potions of cancellation
 H - 2 potions of ambrosia {unknown}
 J - a potion of berserk rage
 R - 6 potions of haste
 V - a potion of heal wounds


   Skills:
 - Level 9.0 Fighting
 + Level 6.7 Dodging
 + Level 1.2 Shields
 - Level 10.0 Unarmed Combat
 - Level 8.0 Spellcasting
 - Level 6.0 Translocations
 - Level 15.0 Transmutations
 - Level 10.0 Air Magic
 - Level 8.0 Earth Magic


You had 2 spell levels left.
You knew the following spells:

 Your Spells              Type           Power      Damage    Failure   Level
a - Beastly Appendage     Tmut           100%       N/A       1%          1
b - Spider Form           Tmut/Pois      64%        N/A       1%          3
c - Ice Form              Ice/Tmut       83%        N/A       3%          4
d - Blink                 Tloc           100%       N/A       1%          2
e - Statue Form           Tmut/Erth      53%        N/A       12%         6
f - Storm Form            Tmut/Air       41%        N/A       38%         7
g - Manifold Assault      Tloc           57%        N/A       21%         5

Your spell library contained the following spells:

 Spells                   Type           Power      Damage    Failure   Level
 Apportation              Tloc           100%       N/A       1%          1
 Sandblast                Erth           100%       2d20      1%          1
 Passwall                 Tmut/Erth      66%        N/A       1%          2
 Poisonous Vapours        Pois/Air       100%       N/A       1%          2
 Wereblood                Tmut           92%        N/A       1%          2
 Freeze                   Ice            88%        1d10      9%          1
 Slow                     Hex            60%        N/A       9%          1
 Summon Small Mammal      Summ           60%        N/A       9%          1
 Petrify                  Tmut/Erth      80%        N/A       1%          4
 Ignite Poison            Fire/Tmut/Pois 52%        N/A       3%          3
 Stone Arrow              Conj/Erth      90%        3d12      4%          3
 Passage of Golubria      Tloc           57%        N/A       7%          4
 Lee's Rapid Deconstruct  Erth           33%        3d18*     9%          5
 Alistair's Intoxication  Tmut/Pois      42%        N/A       11%         5
 Yara's Violent Unravell  Hex/Tmut       32%        3d13      11%         5
 Corpse Rot               Necr/Pois/Air  40%        N/A       22%         4
 Iskenderun's Mystic Bla  Conj/Tloc      38%        2d9       24%         4
 Call Canine Familiar     Summ           15%        N/A       26%         3
 Confusing Touch          Hex            15%        N/A       26%         3
 Conjure Flame            Conj/Fire      15%        6-21      26%         3
 Frozen Ramparts          Ice            44%        1d6       26%         3
 Summon Guardian Golem    Hex/Summ       15%        N/A       26%         3
 Tukima's Dance           Hex            15%        N/A       26%         3
 Vampiric Draining        Necr           15%        2d7       26%         3
 Silence                  Hex/Air        26%        N/A       30%         5
 Dispel Undead            Necr           15%        3d10      63%         4
 Fulminant Prism          Conj/Hex       7%         3d7       63%         4
 Hailstorm                Conj/Ice       22%        3d7       63%         4
 Sticky Flame             Conj/Fire      15%        2d4       63%         4
 Metabolic Englaciation   Hex/Ice        11%        N/A       93%         5
 Death Channel            Necr           7%         N/A       100%        6
 Lehudib's Crystal Spear  Conj/Erth      22%        10d6      100%        8


Dungeon Overview and Level Annotations

Branches:
Dungeon (14/15)            Temple (0/1) D:7            Lair (6/6) D:11
  Swamp (2/4) Lair:3       Spider (1/4) Lair:3        Slime (1/5) Lair:6
    Orc (2/2) D:12            Elf (0/3) Orc:2
 Vaults: D:13-14

Shops:
D:3 :   D:5 (   Orc:2 [*[[

Annotations:
D:3 2 runed translucent doors, Colgate's ghost, amateur KoBr
Swamp:2 Donald


Innate Abilities, Weirdness & Mutations

You are a living statue of rough stone.
Your actions are slow, but your melee attacks are powerful.
You are resistant to unholy torment.
Your maximum health is greatly increased.
You are immune to poison.
Your equipment is partially melded.
You have an increased reservoir of magic. (+10% MP)
You shall have no god before yourself.
Your divine heritage dramatically boosts your attributes as you level up.
You are very agile. (Dex +4)
You tend to lose your temper in combat.
Armour fits poorly on your strangely shaped body.


Message History

The tyrant leech misses you. The tyrant leech completely misses you.
The swamp dragon misses you. x2
The swamp dragon tramples you but does no damage.
You punch the swamp dragon!
The swamp dragon is moderately wounded.
You feel yourself speed up.
The swamp dragon bites you but does no damage.
The swamp dragon misses you.
The swamp dragon tramples you but does no damage.
The tyrant leech bites you! The tyrant leech closely misses you.
The swamp dragon closely misses you. The swamp dragon claws you!
The swamp dragon misses you. You block the tyrant leech's attack.
You pummel the swamp dragon!!
The swamp dragon is severely wounded.
The tyrant leech misses you. The swamp dragon closely misses you. x2
You block the swamp dragon's attack.
The tyrant leech bites you but does no damage.
The tyrant leech misses you.
You punch the swamp dragon!
The swamp dragon is almost dead.
The swamp dragon misses you. x2; You block the swamp dragon's attack.
You block the tyrant leech's attack.
The swamp dragon bites you but does no damage.
The swamp dragon misses you. x2; The tyrant leech bites you!!
* * * LOW HITPOINT WARNING * * *
You pummel the swamp dragon!!
You kill the swamp dragon!
You hear a splash.
The swamp dragon scales are intact enough to wear.
The tyrant leech bites you!
* * * LOW HITPOINT WARNING * * *
The tyrant leech closely misses you.
Your Shields skill increases to level 1!
You pummel the tyrant leech like a punching bag!!!
The tyrant leech is heavily wounded.
Your transformation is almost over.
The tyrant leech bites you!
* * * LOW HITPOINT WARNING * * *
You block the tyrant leech's attack. The tyrant leech bites you!!
You die...

♣♣♣♣♣ ♣♣.♣≈..≈≈≈....♣♣♣♣ ♣.
♣≈≈.♣♣♣♣...≈≈♣≈≈..<≈.≈..♣♣ ♣♣≈
♣♣≈≈≈≈§..≈..≈≈♣≈≈...≈♣≈≈..♣♣♣♣♣..
♣♣.≈≈≈.♣≈≈♣≈.♣≈≈≈.....≈≈≈≈..♣...≈
♣♣..≈≈.≈♣♣≈≈.......♣♣.....≈.≈≈≈≈≈
♣.≈≈♣≈.≈..≈≈≈..♣≈♣♣♣♣♣♣≈≈≈≈≈≈♣♣.≈
.♣§.≈≈...≈.≈...≈≈♣ ♣♣..§..≈≈.§
...≈≈...≈≈≈§..≈w[♣ ♣.♣♣♣≈.≈..
.≈≈≈.♣≈≈≈≈.≈≈≈§♣8♣ ♣♣.♣..♣♣..
.≈.§≈≈♣≈♣≈.≈§≈≈w.♣ ♣.♣.♣♣♣.♣
≈≈.≈≈≈≈.♣.§≈≈≈§≈.♣ ♣.♣.♣ ♣..
≈≈≈≈.≈≈≈≈.♣≈...[≈♣ ♣...♣ ♣♣.
≈≈..≈≈≈≈≈..♣≈≈≈≈≈♣ ♣♣.≈♣♣ ♣.
.≈≈♣...≈≈.....≈≈≈♣ ♣..≈.♣ ♣♣.
.§...♣..≈..≈≈≈≈..♣♣ ♣..≈♣♣ ♣.♣
...≈[≈≈.≈≈...≈≈.≈.♣ ♣♣..♣♣ ♣♣.
♣.≈≈.≈..≈≈≈.♣♣♣..♣♣ ♣≈≈.♣ ♣.


You could see 2 tyrant leeches.

Vanquished Creatures
  Jorgrun (D:13)
  A tentacled monstrosity (Swamp:1)
  Gastronok (Lair:1)
  Kirke (Lair:6)
  An eleionoma (Swamp:1)
  A bunyip (Swamp:1)
  Snorg (Lair:6)
  4 hydras
  4 ogre magi (Orc:2)
  2 boulder beetles
  6 catoblepae
  14 death yaks
  A tengu warrior (D:13)
  17 two-headed ogres
  3 alligators (Swamp:1)
  Urug (Orc:1)
  Nergalle (Lair:2)
  Sonja (D:13)
  A glowing orange brain (shapeshifter) (D:13)
  3 goliath frogs (Swamp:1)
  A spriggan druid (Swamp:2)
  3 swamp dragons (Swamp:1)
  Pikel (D:5)
  4 bog bodies
  4 wolf spiders
  A deep elf pyromancer (D:12)
  3 orc sorcerers (Orc:1)
  A will-o-the-wisp (Swamp:1)
  2 cyclopes
  4 manticores
  3 black mambas
  Joseph (Lair:1)
  A gargoyle (D:12)
  7 cane toads
  4 elephants
  Maggie (D:9)
  2 kobold demonologists
  3 demonic crawlers (Spider:1)
  4 komodo dragons
  A tengu conjurer (D:13)
  A polar bear (Lair:4)
  2 tarantellas (Spider:1)
  6 trolls
  3 tyrant leeches (Swamp:1)
  Prince Ribbit (D:8)
  Grinder (D:5)
  3 hornets
  13 blink frogs
  10 jumping spiders
  9 slime creatures
  2 shadows
  A vampire (D:11)
  Sigmund (D:4)
  3 wraiths
  Eustachio (D:4)
  2 culicivoras (Spider:1)
  51 yaks
  6 basilisks
  A spriggan (Swamp:1)
  4 wyverns
  A steam dragon (D:6)
  7 redbacks (Spider:1)
  8 vampire mosquitoes
  Menkaure (D:5)
  A warg (Orc:2)
  7 swamp worms
  Duvessa (D:4)
  13 water moccasins
  An acid dragon (D:7)
  A swamp drake (Swamp:1)
  8 black bears
  3 sky beasts
  13 orc warriors
  23 ogres
  21 wolves
  A lemure (D:4)
  8 centaurs
  3 phantoms
  16 bullfrogs
  A kobold brigand (D:8)
  3 gnoll sergeants
  A necrophage (D:8)
  8 wights
  Dowan (D:4)
  6 howler monkeys
  2 vampire bats (Lair:1)
  2 electric eels
  11 jellies
  2 gnoll shamans
  5 hounds
  8 orc priests
  Ijyb (D:3)
  3 iguanas
  21 orc wizards
  16 gnolls
  7 adders
  A shadow imp (D:6)
  2 white imps
  3 worms
  4 dart slugs
  55 orcs
  10 ball pythons
  11 bats
  20 endoplasms
  3 giant cockroaches
  8 goblins
  5 hobgoblins
  3 jackals (D:1)
  3 quokkas (D:1)
  9 frilled lizards
  12 kobolds
  3 rats
624 creatures vanquished.

Vanquished Creatures (collateral kills)
  A slime creature (D:13)
1 creature vanquished.

Vanquished Creatures (others)
  3 humans (Lair:6)
  An orc priest (Orc:1)
  2 orcs (D:6)
  A butterfly (D:14)
  8 foxfires
  55 fungi
  157 plants
227 creatures vanquished.

Grand Total: 852 creatures vanquished

Notes
Turn   | Place    | Note
-------+----------+-------------------------------------------
     0 | D:1      | Bruhh the Demigod Transmuter began the quest for the Orb.
     0 | D:1      | Reached XP level 1. HP: 15/15 MP: 5/5
    23 | D:1      | Reached skill level 2 in Transmutations
    32 | D:1      | Reached XP level 2. HP: 22/22 MP: 7/7
   617 | D:1      | Reached XP level 3. HP: 27/27 MP: 7/9
  1375 | D:2      | Learned a level 3 spell: Spider Form
  1644 | D:3      | Reached XP level 4. HP: 16/34 MP: 8/10
  1686 | D:3      | Found the +7 staff of the Meek {protect, meekguard}
  1816 | D:3      | Noticed Ijyb
  1818 | D:3      | Found a large runed translucent door.
  1818 | D:3      | Found a large runed translucent door.
  1827 | D:3      | Killed Ijyb
  1828 | D:3      | Reached skill level 3 in Transmutations
  2519 | D:3      | Reached XP level 5. HP: 39/39 MP: 12/12
  2591 | D:3      | Noticed Colgate's ghost (amateur KoBr)
  2780 | D:3      | Found Jyumo's Book Boutique.
  2917 | D:4      | Noticed Eustachio
  2933 | D:4      | Killed Eustachio
  2934 | D:4      | Reached XP level 6. HP: 31/46 MP: 11/14
  3290 | D:4      | Reached skill level 1 in Fighting
  3326 | D:4      | Reached skill level 5 in Unarmed Combat
  3627 | D:4      | Noticed Sigmund
  3640 | D:4      | Killed Sigmund
  3641 | D:4      | Reached XP level 7. HP: 57/57 MP: 13/16
  3839 | D:4      | Noticed Duvessa
  3839 | D:4      | Noticed Dowan
  3994 | D:4      | Killed Dowan
  3994 | D:4      | Killed Duvessa
  4096 | D:5      | Entered Level 5 of the Dungeon
  4096 | D:5      | Noticed Pikel
  4265 | D:5      | Noticed Grinder
  4275 | D:5      | Paralysed by Grinder for 2 turns
  4282 | D:5      | Killed Grinder
  4283 | D:5      | Reached skill level 4 in Transmutations
  4330 | D:5      | Found Bibiytoe's Weapon Shop.
  4437 | D:5      | Reached XP level 8. HP: 63/63 MP: 15/17
  4507 | D:5      | Reached skill level 5 in Transmutations
  4530 | D:5      | Killed Pikel
  4531 | D:5      | Reached skill level 6 in Transmutations
  4666 | D:5      | Noticed Menkaure
  4672 | D:5      | Killed Menkaure
  5189 | D:5      | Learned a level 4 spell: Ice Form
  5333 | D:6      | Reached XP level 9. HP: 69/69 MP: 14/18
  5486 | D:6      | Reached skill level 7 in Transmutations
  6658 | D:7      | Reached skill level 8 in Transmutations
  7030 | D:7      | Found a staircase to the Ecumenical Temple.
  7335 | D:8      | Noticed Prince Ribbit
  7349 | D:8      | Killed Prince Ribbit
  7435 | D:8      | Reached skill level 1 in Earth Magic
  7581 | D:8      | Reached XP level 10. HP: 77/77 MP: 14/19
  7608 | D:8      | Reached skill level 10 in Unarmed Combat
  8023 | D:8      | Reached skill level 9 in Transmutations
  8413 | D:9      | Noticed Maggie
  8480 | D:9      | Killed Maggie
  9351 | D:10     | Entered Level 10 of the Dungeon
  9644 | D:10     | Noticed a cyclops
  9933 | D:10     | Reached skill level 5 in Earth Magic
  9946 | D:10     | Reached skill level 10 in Transmutations
 10131 | D:10     | Killed a cyclops
 10732 | D:11     | Learned a level 2 spell: Blink
 10773 | D:11     | Reached XP level 11. HP: 82/82 MP: 20/20
 10993 | D:11     | Reached skill level 11 in Transmutations
 11011 | D:11     | Learned a level 6 spell: Statue Form
 11114 | D:11     | Found a staircase to the Lair.
 12085 | Lair:1   | Entered Level 1 of the Lair of Beasts
 12271 | Lair:1   | Noticed a four-headed hydra
 12279 | Lair:1   | Killed a four-headed hydra
 12535 | Lair:1   | Noticed Joseph
 12556 | Lair:1   | Reached skill level 12 in Transmutations
 12563 | Lair:1   | Killed Joseph
 13032 | Lair:1   | Identified the +5 spear of the Blessed Realm {flame, Will-
                  | rCorr Str+9 Stlth-}
 13368 | Lair:2   | Noticed Gastronok
 13432 | Lair:2   | Noticed a death yak
 13436 | Lair:2   | Noticed a death yak
 13436 | Lair:2   | Noticed a death yak
 13437 | Lair:2   | Noticed a death yak
 13442 | Lair:1   | Killed a death yak
 13508 | Lair:1   | Killed Gastronok
 13617 | Lair:1   | Killed a death yak
 13623 | Lair:1   | Killed a death yak
 13624 | Lair:1   | Reached skill level 13 in Transmutations
 13643 | Lair:2   | Killed a death yak
 13644 | Lair:2   | Reached XP level 12. HP: 89/89 MP: 21/21
 13871 | Lair:2   | Reached skill level 1 in Translocations
 13937 | Lair:2   | Noticed Nergalle
 13995 | Lair:2   | Noticed a boulder beetle
 14008 | Lair:2   | Killed a boulder beetle
 14691 | Lair:2   | Killed Nergalle
 14852 | Lair:3   | Found a hole to the Spider Nest.
 15072 | Lair:3   | Reached skill level 14 in Transmutations
 15088 | Lair:3   | You fall into a shaft and drop 3 floors!
 15088 | Lair:6   | Entered Level 6 of the Lair of Beasts
 15097 | Lair:6   | Noticed Snorg
 15360 | Lair:6   | Noticed a catoblepas
 15375 | Lair:6   | Killed a catoblepas
 15376 | Lair:6   | Reached skill level 5 in Translocations
 15449 | Lair:6   | Reached skill level 1 in Air Magic
 16037 | Lair:4   | Noticed a catoblepas
 16050 | Lair:4   | Killed a catoblepas
 16573 | Lair:5   | Noticed a five-headed hydra
 16581 | Lair:4   | Killed a five-headed hydra
 16582 | Lair:4   | Reached XP level 13. HP: 94/94 MP: 17/22
 17126 | Lair:5   | Reached skill level 15 in Transmutations
 17126 | Lair:5   | Reached skill level 5 in Air Magic
 17776 | Lair:6   | Found a staircase to the Slime Pits.
 17848 | Lair:6   | Noticed Kirke
 17859 | Lair:6   | Killed Kirke
 18061 | Lair:6   | Killed Snorg
 18109 | Lair:6   | Got the Almanac of the Aerial Mountains
 18471 | Lair:6   | Identified a scroll of acquirement
 18475 | Lair:6   | Acquired a +0 kite shield of protection
 18965 | D:12     | Gained mutation: You are weak. (Str -2) [mutagenic glow]
 19031 | D:12     | Lost mutation: You are weak. (Str -2) [potion of mutation]
 19031 | D:12     | Gained mutation: You are agile. (Dex +2) [potion of
                  | mutation]
 19031 | D:12     | Gained mutation: You tend to lose your temper in combat.
                  | [potion of mutation]
 19031 | D:12     | Gained mutation: Armour fits poorly on your strangely
                  | shaped body. [potion of mutation]
 19031 | D:12     | Gained mutation: You are very agile. (Dex +4) [potion of
                  | mutation]
 19743 | D:12     | Found a staircase to the Orcish Mines.
 19869 | D:12     | Reached skill level 5 in Spellcasting
 20119 | Orc:1    | Entered Level 1 of the Orcish Mines
 20307 | Orc:1    | Noticed Urug
 20319 | Orc:1    | Killed Urug
 20321 | Orc:1    | Reached skill level 10 in Air Magic
 20445 | Orc:1    | Reached XP level 14. HP: 102/102 MP: 26/26
 20459 | Orc:1    | Learned a level 7 spell: Storm Form
 20726 | Orc:2    | Entered Level 2 of the Orcish Mines
 20772 | Orc:2    | Found a staircase to the Elven Halls.
 21087 | Orc:1    | Reached skill level 5 in Fighting
 21409 | Orc:2    | Found Seall's Antique Armour Shoppe.
 21409 | Orc:2    | Found Fuzux's General Store.
 21410 | Orc:2    | Found Keasuxyn's Antique Armour Shop.
 21410 | Orc:2    | Found Momun's Antique Armour Emporium.
 21454 | Orc:2    | Bought a scroll of acquirement for 780 gold pieces
 21456 | Orc:2    | Acquired the ring of Kegri {Ice Int+4}
 21905 | D:13     | Noticed Sonja
 21919 | D:13     | Killed Sonja
 21968 | D:13     | Noticed Jorgrun
 21978 | D:13     | Killed Jorgrun
 23141 | Slime:1  | Entered Level 1 of the Pits of Slime
 23371 | Spider:1 | Entered Level 1 of the Spider Nest
 24119 | Lair:3   | Found a staircase to the Swamp.
 24198 | Lair:3   | Identified the +3 plate armour of the Turtle {Str+4 Stlth+}
 24407 | Swamp:1  | Entered Level 1 of the Swamp
 24421 | Swamp:1  | Reached skill level 5 in Dodging
 24541 | Lair:3   | Learned a level 5 spell: Manifold Assault
 25112 | Swamp:1  | Reached XP level 15. HP: 62/121 MP: 24/31
 25169 | Swamp:1  | HP: 4/123 [swamp worm (5)]
 25170 | Swamp:1  | HP: 1/123 [will-o-the-wisp] (3)]
 25188 | Swamp:1  | Noticed a tentacled monstrosity
 25200 | Swamp:1  | Killed a tentacled monstrosity
 25944 | Swamp:2  | Noticed Donald
 25959 | Swamp:1  | Reached skill level 1 in Shields
 25959 | Swamp:1  | Mangled by a tyrant leech

Illustrated notes

Levels and vault maps discovered:
D:1:      giann_bridges, layout_basic, serial_bayou_pond_a,
          chequers_serial_rivers_small_b, minmay_pentomino_v4
D:2:      layout_basic, serial_bayou_pond_b
D:3:      layout_loops_ring, ebering_ghost_disaster_area, serial_shops, shop,
          pf_guarded_unrand_meek, uniq_ijyb
D:4:      layout_cave_pods, doesnt_xom_only_xom, chequers_garden,
          serial_bayou_pond_a, supply_closet_lemuel, minmay_pentangle,
          uniq_sigmund, uniq_eustachio, uniq_duvessa
D:5:      layout_basic, serial_shops, nicolae_lakefront_shop, minivault_24,
          minmay_door_square, uniq_menkaure, uniq_grinder, uniq_pikel
D:6:      lemuel_slime, layout_loops_ring
D:7:      layout_basic, chequers_temple_overflow_statue_of_worship,
          mainiacjoe_overflow_tiny_flanked, temple_doors_e
D:8:      layout_basic, hex_medium, chequers_serial_rivers_small_3,
          uniq_prince_ribbit1
D:9:      layout_basic, nrook_uturn, uniq_maggie
D:10:     layout_cross, nicolae_dithmenos_through_a_glass_darkly,
          minmay_misc_feat_enclosed, minivault_19
D:11:     layout_gridville, due_lair_maze_entry_diamond
D:12:     layout_irregular_city, david_orc_4
D:13:     layout_basic, uniq_sonja, uniq_jorgrun
D:14:     cheibrodos_histonic, layout_cave_pools,
          lightli_vaults_fourway_checkpoint, nicolae_elyvilon_peaceful_grove
Lair:1:   layout_gridlike, roderic_batcave, dreamdust_gnoll_shepherd,
          grunt_megastairs_1, uniq_joseph
Lair:2:   layout_regular_city, serial_forest, infiniplex_forest_corner_2,
          infiniplex_forest_zigzag_1, infiniplex_forest_join,
          infiniplex_forest_lined_3, infiniplex_forest_end_1,
          infiniplex_forest_straight_1, infiniplex_forest_join,
          infiniplex_forest_clump_long, infiniplex_forest_straight_2,
          infiniplex_forest_end_double, nicolae_lair_run_with_the_wolves,
          lemuel_fruit_tree, uniq_nergalle, uniq_gastronok
Lair:3:   layout_cave_pods, nicolae_swamp_entry_splash_gauntlet,
          spider_nest_entry_rubble, columned_hall_lemuel
Lair:4:   layout_gridlike, gauntlet_entry_generic
Lair:5:   layout_cave_pods, infiniplex_staircase_pool_2, grunt_megastairs_4,
          serial_bayou_shore_a
Lair:6:   evilmike_catoblepas_cave, layout_long_grid, slime_altar_1,
          chequers_serial_rivers_large_b, uniq_snorg, uniq_kirke
Swamp:1:  layout_falls_marsh, nicolae_swamp_feature_on_the_river_bank
Swamp:2:  layout_basic_swamp, nicolae_swamp_little_swirl, uniq_donald,
          uniq_frances
Spider:1: layout_spider_delve, uniq_asterion, uniq_azrael
Slime:1:  layout_caves
Orc:1:    layout_caves, uniq_urug
Orc:2:    st_orc_ogre_mass, layout_caves, mines_bat_river

Skill      XL: |  1  2  3  4  5  6  7  8  9 10 11 12 13 14 15 |
---------------+----------------------------------------------+-----
Spellcasting   | 2 3 4 5 8 |  8.0
Transmutations | 2 3 4 6 8 10 13 14 15 | 15.0
Unarmed Combat | 3 4 5 6 8 9 10 | 10.0
Fighting       | 3 8 9 |  9.0
Earth Magic    | 1 6 8 |  8.0
Translocations | 6 |  6.0
Air Magic      | 3 10 | 10.0
Dodging        | 5 6 |  6.7
Shields        | 1 |  1.2

Action                   |  1- 3 |  4- 6 |  7- 9 | 10-12 | 13-15 || total
-------------------------+-------+-------+-------+-------+-------++-------
Melee: Unarmed           |   143 |   148 |   286 |   697 |   755 ||  2029
       Punch             |     5 |     1 |     3 |    30 |    75 ||   114
       Kick              |    24 |    23 |    19 |       |       ||    66
       Headbutt          |    15 |    17 |    13 |       |       ||    45
 Cast: Beastly Appendage |    35 |    24 |    14 |     1 |     1 ||    75
       Spider Form       |       |     4 |     4 |       |       ||     8
       Ice Form          |       |       |    23 |    37 |       ||    60
       Statue Form       |       |       |       |    40 |    35 ||    75
       Storm Form        |       |       |       |       |    32 ||    32
       Manifold Assault  |       |       |       |       |     7 ||     7
Evoke: Wand              |       |     1 |       |    11 |     1 ||    13
  Use: Potion            |     1 |     2 |     2 |    14 |     5 ||    24
       Scroll            |       |     3 |     9 |    12 |    13 ||    37
 Stab: Sleeping          |       |     2 |     1 |       |       ||     3
       Distracted        |       |       |     3 |       |       ||     3
       Fleeing           |       |       |     1 |       |       ||     1
       Petrifying        |       |       |       |     1 |       ||     1
       Petrified         |       |       |       |       |     5 ||     5
Armor: Skin              |    27 |     3 |    36 |   581 |   691 ||  1338
       Robe              |    18 |    21 |    16 |    11 |    31 ||    97
       Troll leather arm |       |       |       |     8 |       ||     8
Dodge: Dodged            |    96 |    77 |   140 |   636 |   883 ||  1832
       Repelled          |       |       |       |       |     6 ||     6
Block: Kite shield       |       |       |       |       |    70 ||    70

Table legend: (Time is in decaauts)
 A = Elapsed time spent in this place.
 B = Non-inter-level travel time spent in this place.
 C = Inter-level travel time spent in this place.
 D = Time resting spent in this place.
 E = Time spent auto-exploring this place.
 F = Levels seen in this place.
 G = Mean time per level.
                   A        B        C        D        E       F      G
               +--------+--------+--------+--------+--------+-----+--------+
         Total |  27658 |  26364 |   1294 |   3128 |  17167 |  26 | 1063.8 |
       Dungeon |  15016 |  14334 |    682 |   1580 |   9542 |  14 | 1072.6 |
          Lair |   9660 |   9106 |    554 |    907 |   6085 |   6 | 1610.0 |
         Swamp |   1283 |   1250 |     33 |    307 |    685 |   2 |  641.5 |
   Spider Nest |     87 |     87 |      0 |      0 |     16 |   1 |   87.0 |
    Slime Pits |      1 |      1 |      0 |      0 |      0 |   1 |    1.0 |
  Orcish Mines |   1609 |   1587 |     22 |    333 |    838 |   2 |  804.5 |
               +--------+--------+--------+--------+--------+-----+--------+

Top non-repeatable levels by time:
  Lair:6: 1973 daAuts
  Lair:1: 1769 daAuts
    D:12: 1747 daAuts
  Lair:3: 1660 daAuts
  Lair:5: 1508 daAuts
  Lair:2: 1442 daAuts
    D:10: 1310 daAuts
  Lair:4: 1305 daAuts
     D:6: 1296 daAuts
     D:4: 1266 daAuts
 Swamp:1: 1226 daAuts
     D:9: 1210 daAuts
    D:11: 1201 daAuts
    D:13: 1149 daAuts
     D:8: 1113 daAuts
